 Dungeon Crawl Stone Soup version 0.28-a0-687-gb91baff9cc (webtiles) character file.

Game seed: 14386577685464672064

63 omnomnOMINOUS the Skirmisher (level 4, -2/36 HPs)
             Began as an Octopode Wanderer on Oct 19, 2021.
             Was a Follower of Okawaru.
             Slain by Terence (8 damage)
             ... on level 3 of the Dungeon.
             The game lasted 00:04:10 (2574 turns).

omnomnOMINOUS the Skirmisher (Octopode Wanderer)    Turns: 2574, Time: 00:04:11

Health: -2/36      AC:  1    Str: 13    XL:     4   Next: 10%
Magic:  6/7        EV: 17    Int: 13    God:    Okawaru [*.....]
Gold:   165        SH:  0    Dex: 11    Spells: 6/7 levels left

rFire   . . .      SeeInvis +   a - +0 spear
rCold   . . .      Faith    .   (no shield)
rNeg    . . .      Spirit   .   (helmet restricted)
rPois   .          Reflect  .   (no amulet)
rElec   .          Harm     .   i - ring of see invisible
rCorr   .          Rampage  .   m - +4 ring of evasion
Will    .....                   (no ring)
Stlth   ++........              (no ring)
HPRegen 0.12/turn               (no ring)
MPRegen 0.10/turn               (no ring)
                                (no ring)
                                (no ring)

@: no status effects
A: almost no armour, amphibious, 8 rings, camouflage 1, gelatinous body 1,
(nimble swimmer 1), tentacles
a: Renounce Religion, Heroism


You were on level 3 of the Dungeon.
You worshipped Okawaru.
Okawaru was aware of your devotion.
You visited 1 branch of the dungeon, and saw 3 of its levels.

You collected 165 gold pieces.

Inventory:

Hand Weapons
 a - a +0 spear (weapon)
 b - a +2 shortbow
Missiles
 f - 60 arrows
Jewellery
 i - a ring of see invisible (left tentacle)
 m - a +4 ring of evasion (right tentacle)
Scrolls
 d - a scroll of vulnerability {unknown}
 g - a scroll of amnesia {unknown}
 h - 2 scrolls of immolation {unknown}
 j - a scroll of teleportation {unknown}
 l - a scroll of identify {unknown}
 n - a scroll of fear {unknown}
Potions
 c - 2 potions of mutation {unknown}
 e - a potion of curing
 k - a potion of magic {unknown}
 o - a potion of haste {unknown}
 p - a potion of might {unknown}


   Skills:
 - Level 6.0 Fighting
 - Level 2.0 Bows
 - Level 1.0 Throwing
 + Level 2.4 Dodging
 + Level 2.1 Spellcasting
 - Level 1.1 Evocations


You had 6 spell levels left.
You knew the following spells:

 Your Spells              Type           Power      Damage    Failure   Level
a - Apportation           Tloc           2%         N/A       26%         1

Your spell library contained the following spells:

 Spells                   Type           Power      Damage    Failure   Level
 Animate Skeleton         Necr           Unusable   N/A       N/A         1
 Summon Small Mammal      Summ           Unusable   N/A       N/A         1

Dungeon Overview and Level Annotations

Branches:
Dungeon (3/15)

Altars:
Okawaru

Annotations:
D:3 Terence


Innate Abilities, Weirdness & Mutations

You cannot wear most types of armour.
You are amphibious.
You can wear up to eight rings at the same time.
Your skin changes colour to match your surroundings (Stealth+).
Your rubbery body absorbs attacks. (AC +1, EV +1)
((You are camouflaged near water. (Stealth+)))
You have tentacles for arms and can constrict up to eight enemies at once.


Message History

You are too injured to fight recklessly!
You are too injured to fight recklessly!
You are too injured to fight recklessly!
You are too injured to fight recklessly!
You are too injured to fight recklessly!
You are too injured to fight recklessly!
You are too injured to fight recklessly!
You are too injured to fight recklessly!
Casting: Apportation (safe; 26% risk of failure)
Confirm with . or Enter, or press ? or * to list all spells.
Okay, then.
Unknown command.
Okay, then.
Unknown command.
You gain the combat prowess of a mighty hero.
Terence hits you from afar with a +0 trident.
You are too injured to fight recklessly!
Reach: a) +0 spear
Press: ? - help, Dir - move target, f/p - Terence
Aim: Terence, wielding a +0 trident and wearing a +0 ring mail (heavily wounded, about 31% to evade your +0 spear)
You reach to attack!
You hit Terence.
Terence is severely wounded.
Terence misses you.
Reach: a) +0 spear
Press: ? - help, Dir - move target, f/p - Terence
Aim: Terence, wielding a +0 trident and wearing a +0 ring mail (severely wounded, about 31% to evade your +0 spear)
You reach to attack!
You barely miss Terence.
Terence is severely wounded.
Terence drinks a potion.
Terence is healed!
Reach: a) +0 spear
Press: ? - help, Dir - move target, f/p - Terence
Aim: Terence, wielding a +0 trident and wearing a +0 ring mail (lightly wounded, about 31% to evade your +0 spear)
You reach to attack!
You closely miss Terence.
Terence is lightly wounded.
Terence hits you from afar with a +0 trident!
* * * LOW HITPOINT WARNING * * *
You feel like a meek peon again.
Terence screams, "I'm going to kill you!"
Terence hits you from afar with a +0 trident!
You die...

.#.............+......# #....#.
..........####.#......#####....#.
##...............................
..........####.####.#.#####....#.
##...†....# #..# #.#.# ###....
#....###.# ##.# #...#######....
##....###.#####.#####.#.....'....
......†...##........#.....###...#
.#.#####......##@##.#.....# #...#
##...<#.......##..#.#.....###...#
#............###@#.#...........#
#............# #.#.#...........#
###########.## #...............#
.# ##.##...........# #
#..#.########### ##.#.# #...#


You could see Terence.

Vanquished Creatures
  2 adders
  5 endoplasms
  4 giant cockroaches
  A goblin (D:1)
  8 hobgoblins
  A kobold (D:1)
  A quokka (D:1)
  7 ball pythons
  4 bats
  4 frilled lizards
  6 rats
43 creatures vanquished.

Vanquished Creatures (others)
  5 toadstools (D:1)
5 creatures vanquished.

Grand Total: 48 creatures vanquished

Notes
Turn   | Place    | Note
-------+----------+-------------------------------------------
     0 | D:1      | omnomnOMINOUS the Octopode Wanderer began the quest for the
                  | Orb.
     0 | D:1      | omnomnOMINOUS set off with the following items: a +2
                  | shortbow, 24 arrows, a +0 hand crossbow, 25 bolts, a potion
                  | of curing
     0 | D:1      | Reached XP level 1. HP: 19/19 MP: 1/1
   148 | D:1      | Reached skill level 1 in Dodging
   148 | D:1      | Reached XP level 2. HP: 23/25 MP: 3/3
   190 | D:1      | Reached skill level 1 in Spellcasting
   739 | D:1      | Found a faded altar of an unknown god.
   983 | D:1      | Prayed at the altar of an unknown god.
   983 | D:1      | Became a worshipper of Warmaster Okawaru
   983 | D:1      | Reached * piety under Okawaru
  1179 | D:2      | Reached XP level 3. HP: 29/30 MP: 5/5
  2400 | D:3      | Reached XP level 4. HP: 29/36 MP: 5/7
  2416 | D:3      | Learned a level 1 spell: Apportation
  2545 | D:3      | Noticed Terence
  2574 | D:3      | Slain by Terence

Illustrated notes

Levels and vault maps discovered:
D:1:      ldierk_walled_garden, layout_loops_cross,
          ebering_ecumenical_altar_mist, chequers_serial_rivers_micro_d
D:2:      layout_loops_ring, grunt_ministairs_12
D:3:      layout_basic, minivault_11, uniq_terence, uniq_jessica

Skill      XL: |  1  2  3 |
---------------+----------+-----
Dodging        | 1 2 |  2.4
Spellcasting   | 1 2 |  2.1
Fighting       | |  6.0
Bows           | |  2.0
Throwing       | |  1.0
Evocations     | |  1.1

Action                   |  1- 3 |  4- 6 || total
-------------------------+-------+-------++-------
Melee: Short sword       |    16 |       ||    16
       Spear             |    69 |    21 ||    90
       Constrict         |    15 |     3 ||    18
       Tentacles         |    14 |     3 ||    17
 Fire: Shortbow          |    17 |       ||    17
Invok: Heroism           |       |     1 ||     1
 Stab: Sleeping          |     9 |     1 ||    10
Armor: Skin              |     6 |     2 ||     8
Dodge: Dodged            |    41 |    15 ||    56

Table legend: (Time is in decaauts)
 A = Elapsed time spent in this place.
 B = Non-inter-level travel time spent in this place.
 C = Inter-level travel time spent in this place.
 D = Time resting spent in this place.
 E = Time spent auto-exploring this place.
 F = Levels seen in this place.
 G = Mean time per level.
                   A        B        C        D        E       F      G
               +--------+--------+--------+--------+--------+-----+--------+
         Total |   2583 |   2438 |    145 |    141 |   1961 |   3 |  861.0 |
       Dungeon |   2583 |   2438 |    145 |    141 |   1961 |   3 |  861.0 |
               +--------+--------+--------+--------+--------+-----+--------+

Top non-repeatable levels by time:
     D:2: 1294 daAuts
     D:1: 1092 daAuts
     D:3: 197 daAuts
